 Dungeon Sprint DCSS version 0.21.1-1-g345015f (webtiles) character file.

0 doot the Cudgeler (level 2, -6/31 HPs)
             Began as a Troll Berserker on June 12, 2018.
             Was a Follower of Trog.
             Mangled by Sigmund
             ... wielding a cursed -3 scythe
              (12 damage)
             ... in the Dungeon (Sprint VI: "Thunderdome").
             The game lasted 00:00:48 (36 turns).

doot the Cudgeler (Troll Berserker)                   Turns: 36, Time: 00:00:48

Health: -6/31      AC:  5    Str: 32    XL:     2   Next: 3%
Magic:  1/1        EV: 11    Int:  7    God:    Trog [*.....]
Gold:   65         SH:  0    Dex: 12    Spells: 1/1 levels left

rFire    . . .     SeeInvis .   (no weapon)
rCold    x . .     Gourm    +   (no shield)
rNeg     + . .     Faith    .   b - +0 animal skin
rPois    .         Spirit   .   (helmet restricted)
rElec    +         Reflect  .   (no cloak)
rCorr    .         Harm     .   (gloves unavailable)
MR       +....     NoTele   +   (boots unavailable)
Stlth    +.........             o - amulet of Guogg {RegenMP rElec Str+4}
HPRegen  0.50/turn              n - ring "Balaps" {+Blink +Inv rC- rN+ Int+4}
MPRegen  0.32/turn              p - ring "Moijyet" {*Contam rElec MR+ Str+4 Dex+3}

@: no status effects
A: large, unfitting armour, claws 3, fast metabolism 3, gourmand, regeneration
1, shaggy fur 1, tough skin 2
a: Berserk, Burn Spellbooks, Renounce Religion, Evoke Blink, Evoke Invisibility


You were in the Dungeon.
You worshipped Trog.
Trog was aware of your devotion.
You were not hungry.

You visited 1 branch You collected 200 gold pieces.
You spent 135 gold pieces at shops.

Inventory:

Hand Weapons
 a - a +0 mace
Armour
 b - a +0 animal skin (worn)
Jewellery
 n - the ring "Balaps" (left claw) {+Blink +Inv rC- rN+ Int+4}
   (You bought it in a shop in the Dungeon)

   [ring of positive energy]

   It affects your intelligence (+4).
   It makes you vulnerable to cold.
   It protects you from negative energy.
   It lets you turn invisible.
   It lets you blink.
 o - the amulet of Guogg (around neck) {RegenMP rElec Str+4}
   (You bought it in a shop in the Dungeon)

   [amulet of magic regeneration]

   It increases your magic regeneration.
   It affects your strength (+4).
   It insulates you from electricity.
 p - the ring "Moijyet" (right claw) {*Contam rElec MR+ Str+4 Dex+3}
   (You bought it in a shop in the Dungeon)

   [ring of dexterity]

   It affects your strength (+4).
   It affects your dexterity (+3).
   It insulates you from electricity.
   It affects your resistance to hostile enchantments.
   It causes magical contamination when unequipped.
Wands
 j - a wand of acid (5)
 k - a wand of iceblast (5)
Scrolls
 i - 4 scrolls of blinking
 l - 3 scrolls of fog
Potions
 d - a potion of curing
 e - 4 potions of heal wounds
 f - 4 potions of haste
 g - 2 potions of magic
 h - a potion of berserk rage
 m - a potion of resistance
Comestibles
 c - 2 rations


   Skills:
 + Level 3.0 Fighting
 + Level 3.3 Maces & Flails
 + Level 3.2 Dodging


You had one spell level left.
You didn't know any spells.

Dungeon Overview and Level Annotations

Branches:
Dungeon (1/1)

Altars:
Cheibriados
Kikubaaqudgha
Makhleb
Ru
Vehumet
Xom
Yredelemnul
The Shining One

Shops:
D *[%?

Annotations:
D Sigmund


Innate Abilities, Weirdness & Mutations

You are too large for most types of armour.
You have claws for hands.
Your metabolism is lightning-fast.
You like to eat raw meat.
Your natural rate of healing is unusually fast.
You are covered in fur. (AC +1)
You have very tough skin. (AC +2)


Message History

Put on which piece of jewellery? (? for menu, Esc to quit)
You feel agile.
You feel stronger.
You feel a build-up of mutagenic energy.
p - the ring "Moijyet" (right claw) {*Contam rElec MR+ Str+4 Dex+3} You feel sick.
Put on which piece of jewellery? (? for menu, Esc to quit)
The amulet hums as it attunes itself to your energized body.
You feel stronger.
o - the amulet of Guogg (around neck) {RegenMP rElec Str+4} You hear some strange, mumbled words.
Something tries to affect you, but you resist.
There is a spawn point here.
You feel sick. Something hits you but does no damage.
There is an entrance to Qasuxt's Advanced Armour here.
You feel sick.
You are no longer poisoned.
Something hits you!
* * * LOW HITPOINT WARNING * * *
Something hits you!
You die...

######.8...... ..8.#
##∩___......# .....
###∩........8.# .8...
##.............###.....
#⌠..........###...#
#⌠..........# #.<.#
#⌠..........###...#
##.............###..
###∩..@.....8. .8..
##∩___......# .....
######.8.... ..8.#
#⌠.... ..⌠# ###... .###
.. .


There were no monsters in sight!

Vanquished Creatures
  An adder (D)
1 creature vanquished.

Notes
Turn   | Place    | Note
-------+----------+-------------------------------------------
     0 | D        | doot the Troll Berserker began the quest for the Orb.
     0 | D        | Reached XP level 1. HP: 22/22 MP: 0/0
     1 | D        | Found an ancient bone altar of Kikubaaqudgha.
     1 | D        | Found a snail-covered altar of Cheibriados.
     2 | D        | Found a sacrificial altar of Ru.
     2 | D        | Found a burning altar of Makhleb.
     3 | D        | Found a basalt altar of Yredelemnul.
     3 | D        | Found a radiant altar of Vehumet.
     4 | D        | Found Odeit's Delicious Food.
     4 | D        | Found a shimmering altar of Xom.
     4 | D        | Found a glowing golden altar of the Shining One.
     4 | D        | Found Nigrof's Identification Station.
     5 | D        | Found Piaxzom's Jewellery.
     5 | D        | Found Qasuxt's Advanced Armour.
     5 | D        | Round 1.
    21 | D        | Noticed Sigmund
    24 | D        | Reached XP level 2. HP: 17/31 MP: 1/1
    25 | D        | Bought a shimmering amber ring for 45 gold pieces
    25 | D        | Bought a smoking amethyst amulet for 45 gold pieces
    25 | D        | Bought a fine golden ring for 45 gold pieces
    25 | D        | Identified the ring "Balaps" {+Blink +Inv rC- rN+ Int+4} (You bought it in a shop in the Dungeon)
    26 | D        | Identified the ring "Moijyet" {*Contam rElec MR+ Str+4 Dex+3} (You bought it in a shop in the Dungeon)
    27 | D        | Identified the amulet of Guogg {RegenMP rElec Str+4} (You bought it in a shop in the Dungeon)
    36 | D        | Mangled by Sigmund

Skill      XL: |  1 |
---------------+----+-----
Fighting       | 3 |  3.0
Maces & Flails | 3 |  3.3
Dodging        | 3 |  3.2

Action                   || total
-------------------------++-------
Melee: Unarmed           ||     7
       Mace              ||     4
Armor: Animal skin       ||     3
Dodge: Dodged            ||     6
